 Dungeon Crawl Stone Soup version 0.29-a0-620-g13ace881f2 (webtiles) character file.

Game seed: 14093824379136345902

4 Bruhh the Magician (level 1, 0/15 HPs)
             Began as a Djinni Earth Elementalist on June 18, 2022.
             Slain by a jackal (1 damage)
             ... on level 1 of the Dungeon.
             The game lasted 00:00:44 (147 turns).

Bruhh the Magician (Djinni Earth Elementalist)       Turns: 147, Time: 00:00:45

Health: 0/15       AC:  2    Str:  4 (7)  XL:     1   Next: 77%
Gold:   0          EV: 12    Int: 14 (16) God:
                   SH:  0    Dex: 12 (13)

rFire   + + .      SeeInvis .   (no weapon)
rCold   x . .      Faith    .   (no shield)
rNeg    . . .      Spirit   .   a - +0 robe
rPois   ∞          Reflect  .   (no helmet)
rElec   .          Harm     .   (no cloak)
rCorr   .          Rampage  .   (no gloves)
Will    .....                   (boots unavailable)
Stlth   ++........              (no amulet)
HPRegen 0.05/turn               (no ring)
MPRegen 0.00/turn               (no ring)

@: flying
A: sickness immunity, fire resistance 2, cold vulnerability 1, float, innate
caster, HP casting, extra vitality 1
a: no special abilities


You were on level 1 of the Dungeon.
You visited 1 branch of the dungeon, and saw 1 of its levels.

Inventory:

Armour
 a - a +0 robe (worn)


   Skills:
 - Level 2.1 Dodging
 - Level 1.5 Stealth
 + Level 2.6 Spellcasting


You couldn't memorise any spells.
You knew the following spells:

 Your Spells              Type           Power      Damage    Failure   Level
a - Sandblast             Erth           18%        2d7       8%          1
b - Passwall              Tmut/Erth      7%         N/A       11%         2
c - Stone Arrow           Conj/Erth      18%        3d8       22%         3
d - Petrify               Tmut/Erth      9%         N/A       58%         4
Your spell library was empty.

Dungeon Overview and Level Annotations

Branches:
Dungeon (1/15)

Altars:


Innate Abilities, Weirdness & Mutations

You are immune to sickness and miasma.
You are immune to poison.
Your flesh is very heat resistant. (rF++)
You are vulnerable to cold. (rC-)
You float through the air rather than walking.
You learn spells naturally, not from books.
Your magical power is your life essence.
You have superior vitality. (+4 MHP)


Message History

There are monsters nearby!
A jackal comes into view.
The blast of sand misses the jackal.
The jackal barks!
The jackal barely misses you. The jackal bites you.
A giant cockroach comes into view.
The jackal completely misses you.
The blast of sand hits the jackal!
You kill the jackal!
The jackal barks!
The jackal barely misses you.
The blast of sand hits the jackal!
You kill the jackal!
The jackal bites you.
The blast of sand hits the jackal.
The jackal is almost dead.
The jackal barely misses you. The jackal closely misses you.
The giant cockroach bites you.
You are too injured to fight recklessly!
The jackal bites you.
* * * LOW HITPOINT WARNING * * *
Casting: Sandblast (safe; 7% risk of failure)
Confirm with . or Enter, or press ? or * to list all spells.
Aiming: Sandblast (safe; 7% risk of failure)
Press: ? - help, Shift-Dir - straight line, f/p - jackal
Aim: a jackal (heavily wounded, 74% to hit)
The blast of sand hits the giant cockroach.
You kill the giant cockroach!
* * * LOW HITPOINT WARNING * * *
The jackal misses you. The jackal bites you.
* * * LOW HITPOINT WARNING * * *
Unknown command.
Casting: Sandblast (safe; 6% risk of failure)
Confirm with . or Enter, or press ? or * to list all spells.
Okay, then.
It was a potion of degeneration.
There was something very wrong with that liquid.
You feel weakened.
You feel dopey.
You feel clumsy. The jackal bites you.
You die...

.##...... ....#....
........# ........# #
........#.# .........†#.#
#..#........#
....#.###h###
#...#.#.#@###
#...#.#...#.# +#####
#.#.#.#.#...###### .....#
#.#.#.#.#.#.#....#
.....###.#...#.#.#.#.##.#
..⌠..#...#..##.#.#...##.#
.....#.##........####...#
<....'.####..##..####.####
.....#.# #..#†..........#


You could see a jackal.

Vanquished Creatures
  A giant cockroach (D:1)
  2 jackals (D:1)
  A ball python (D:1)
4 creatures vanquished.

Notes
Turn   | Place    | Note
-------+----------+-------------------------------------------
     0 | D:1      | Bruhh the Djinni Earth Elementalist began the quest for the
                  | Orb.
     0 | D:1      | Bruhh set off with the following spells memorised:
                  | Sandblast, Passwall, Stone Arrow, Petrify.
     0 | D:1      | Reached XP level 1. HP: 15/15 MP: 0/0
   147 | D:1      | Slain by a jackal

Illustrated notes

Levels and vault maps discovered:
D:1:      mushboom_english_gardens, layout_basic, serial_bayou_pond_d,
          minmay_misc_feat_rugged

Action                   || total
-------------------------++-------
Melee: Unarmed           ||     3
 Cast: Sandblast         ||     5
  Use: Potion            ||     1
 Stab: Sleeping          ||     1
Armor: Robe              ||     1
Dodge: Dodged            ||     7

Table legend: (Time is in decaauts)
 A = Elapsed time spent in this place.
 B = Non-inter-level travel time spent in this place.
 C = Inter-level travel time spent in this place.
 D = Time resting spent in this place.
 E = Time spent auto-exploring this place.
 F = Levels seen in this place.
 G = Mean time per level.
                   A        B        C        D        E       F      G
               +--------+--------+--------+--------+--------+-----+--------+
         Total |    152 |    152 |      0 |      0 |    130 |   1 |  152.0 |
       Dungeon |    152 |    152 |      0 |      0 |    130 |   1 |  152.0 |
               +--------+--------+--------+--------+--------+-----+--------+

Top non-repeatable levels by time:
     D:1: 152 daAuts
